 Dungeon Crawl Stone Soup version 0.16.1-18-g436b03c (webtiles) character file.

205 Yurihasu the Archer (level 5, -2/34 HPs)
             Began as a High Elf Hunter on May 2, 2015.
             Slain by an orc
             ... wielding a +0 club
              (5 damage)
             ... on level 3 of the Dungeon.
             The game lasted 00:19:16 (2297 turns).

Yurihasu the Archer (High Elf Hunter)               Turns: 2297, Time: 00:19:16

Health: -2/34      AC:  3    Str: 11      XL:     5   Next: 52%
Magic:  8/8        EV: 12    Int: 12 (15) God:
Gold:   183        SH:  0    Dex: 16      Spells: 0 memorised, 4 levels left

rFire  . . .     SeeInvis .     b - +2 shortbow
rCold  . . .     Clarity  .     d - +0 leather armour
rNeg   . . .     SustAb   .     (no shield)
rPois  +         Gourm    .     (no helmet)
rElec  .         Spirit   .     (no cloak)
rCorr  .         Warding  .     (no gloves)
rMut   .         Stasis   .     (no boots)
MR     .....                    (no amulet)
Stlth  ++........               t - +5 ring of slaying
                                o - ring of poison resistance

@: not resistant to hostile enchantments, unstealthy
A: no striking features
a: no special abilities


You were on level 3 of the Dungeon.
You were not hungry.

You visited 1 branch of the dungeon, and saw 3 of its levels.

You collected 183 gold pieces.

Inventory:

Hand weapons
 a - a +0 short sword
 b - a +2 shortbow (weapon)
 e - a +0 dagger
 u - a +1 dagger of freezing
Missiles
 c - 36 arrows (quivered)
Armour
 d - a +0 leather armour (worn)
Jewellery
 o - a ring of poison resistance (left hand)
 t - a +5 ring of slaying (right hand)
Magical devices
 q - a wand of hasting (5)
Scrolls
 j - a scroll of amnesia
 r - 5 scrolls of immolation
 v - a scroll of enchant armour {unknown}
 w - a scroll of teleportation {unknown}
Potions
 g - a potion of magic {unknown}
 h - a potion of restore abilities {unknown}
 i - 2 potions of curing {unknown}
 k - 3 potions of agility
 l - a potion of degeneration
 m - a potion of might {unknown}
 n - a potion of lignification {unknown}
Comestibles
 f - 3 bread rations
 s - 2 meat rations


   Skills:
 - Level 2.0 Fighting
 + Level 9.1 Bows
 - Level 2.1 Dodging
 - Level 1.1 Stealth


You had 4 spell levels left.
You didn't know any spells.

Dungeon Overview and Level Annotations

Branches:
Dungeon (3/15)

Altars:

Annotations:
D:2 Robin, Sigmund


Message History

The orc wizard hits you with an enchanted dagger.
Firing (i - inventory):
c - 37 arrows (quivered)
Press: ? - help, Shift-Dir - straight line, f/p - orc priest
Aim: an orc priest, wearing a scale mail You shoot an arrow.
The arrow hits the orc wizard!
You kill the orc wizard!
Your Bows skill increases to level 9!
The orc barely misses you.
The orc priest calls down the wrath of Beogh upon you.
Pain shoots through your body!
* * * LOW HITPOINT WARNING * * *
Identify which item? (\ to view known items) (? for menu, Esc to quit)
As you read the scroll of identify, it crumbles to dust.
k - 3 potions of agility The orc hits you but does no damage.
It was a potion of degeneration.
There was something very wrong with that liquid.
You feel dopey. The orc hits you with a club.
You die...

### #........ ..#
#...##### #.# #...##...
#.# #..)##.## #.#
##...##.# #.#
#.......## #o#
#.#.......
#######o######.########
#.....@o.......#
#...........####
#...........#
#############


You could see an orc priest and 2 orcs.

Vanquished Creatures
  2 orc wizards (D:3)
  Ijyb (D:2)
  5 adders
  A worm (D:3)
  A giant gecko (D:1)
  An ooze (D:3)
  4 orcs (D:3)
  4 bats
  A giant cockroach (D:3)
  22 goblins
  8 hobgoblins
  7 jackals
  A quokka (D:2)
  3 giant newts
  5 kobolds
  15 rats
81 creatures vanquished.

Notes
Turn   | Place    | Note
--------------------------------------------------------------
     0 | D:1      | Yurihasu, the High Elf Hunter, began the quest for the Orb.
     0 | D:1      | Reached XP level 1. HP: 14/14 MP: 2/2
   338 | D:1      | Reached XP level 2. HP: 19/19 MP: 3/3
   490 | D:1      | Reached skill level 6 in Bows
   818 | D:2      | Noticed Robin
   827 | D:2      | Reached XP level 3. HP: 24/24 MP: 5/5
   946 | D:2      | Noticed Sigmund
  1406 | D:2      | Reached skill level 7 in Bows
  1586 | D:2      | Noticed Ijyb
  1597 | D:2      | Killed Ijyb
  1597 | D:2      | Reached XP level 4. HP: 29/29 MP: 7/7
  1834 | D:3      | Reached skill level 8 in Bows
  1937 | D:3      | Reached XP level 5. HP: 34/34 MP: 8/8
  2295 | D:3      | Reached skill level 9 in Bows
  2297 | D:3      | Slain by an orc

Action                   |  1- 3 |  4- 6 || total
-------------------------+-------+-------++-------
 Fire: Shortbow          |   108 |    60 ||   168
  Use: Scroll            |       |     5 ||     5
       Potion            |       |     1 ||     1
  Eat: Chunk             |     2 |     2 ||     4
